 Dungeon Crawl Stone Soup version 0.27-a0-200-g8ba017916c (webtiles) character file.

Game seed: 4277746548434661344

37 dolemite99 the Ruffian (level 3, -1/32 HPs)
             Began as a Troll Transmuter on Jan 30, 2021.
             Slain by a sky beast (3 damage)
             ... on level 2 of the Dungeon.
             The game lasted 00:01:12 (648 turns).

dolemite99 the Ruffian (Troll Transmuter)            Turns: 648, Time: 00:01:13

Health: -1/32      AC:  6    Str: 19    XL:     3   Next: 21%
Magic:  3/3        EV: 10    Int:  9    God:
Gold:   48         SH:  0    Dex: 10    Spells: 3/4 levels left

rFire    . . .     SeeInvis .     - Unarmed
rCold    . . .     Faith    .   (no shield)
rNeg     . . .     Spirit   .   a - +0 robe
rPois    .         Reflect  .   (helmet restricted)
rElec    .         Harm     .   (no cloak)
rCorr    .         Rampage  .   (gloves unavailable)
Will     .....                  (boots unavailable)
Stlth    +.........             (no amulet)
HPRegen  0.50/turn              (no ring)
MPRegen  0.08/turn              (no ring)

@: no status effects
A: large, unfitting armour, claws 3, regeneration 1, shaggy fur 1, tough skin 3
a: no special abilities


You were on level 2 of the Dungeon.
You visited 1 branch of the dungeon, and saw 2 of its levels.

You collected 48 gold pieces.

Inventory:

Missiles
 b - 38 sling bullets
 c - 30 stones
 e - 17 arrows
Armour
 a - a +0 robe (worn)
Scrolls
 f - 3 scrolls of immolation {unknown}
 h - a scroll of enchant armour {unknown}
 i - a scroll of random uselessness {unknown}
 j - a scroll of noise {unknown}
 k - a scroll of identify {unknown}
Potions
 d - 2 potions of heal wounds {unknown}
 g - a potion of brilliance {unknown}


   Skills:
 - Level 0.7 Fighting
 - Level 1.5 Dodging
 + Level 4.3 Unarmed Combat
 - Level 1.2 Spellcasting
 - Level 1.3 Transmutations


You had 3 spell levels left.
You knew the following spells:

 Your Spells              Type           Power        Failure   Level
a - Beastly Appendage     Tmut           6%           21%         1

Your spell library contained the following spells:

 Spells                   Type           Power        Failure   Level
 Wereblood                Tmut           3%           30%         2
 Spider Form              Tmut/Pois      0%           63%         3
 Ice Form                 Ice/Tmut       1%           95%         4
 Blade Hands              Tmut           1%           99%         5


Dungeon Overview and Level Annotations

Branches:
Dungeon (2/15)

Altars:


Innate Abilities, Weirdness & Mutations

You are too large for most types of armour.
You have claws for hands.
Your natural rate of healing is unusually fast.
You are covered in fur. (AC +1)
You have extremely tough skin. (AC +3)


Message History

You claw the bat!
You kill the bat!
You miss something. Something hits you but does no damage.
You scratch something. Something hits you but does no damage.
You scratch something. You barely miss something.
Something hits you but does no damage. The kobold hits you with a +0 dagger.
You miss something. Something hits you. Something shocks you.
The kobold barely misses you.
You closely miss something. Something hits you. Something shocks you.
* * * LOW HITPOINT WARNING * * *
The kobold hits you but does no damage.
You scratch something. Something hits you.
* * * LOW HITPOINT WARNING * * *
Something shocks you.
* * * LOW HITPOINT WARNING * * *
You closely miss the kobold. The kobold hits you with a +0 dagger.
* * * LOW HITPOINT WARNING * * *
Something hits you.
You die...

# # .###. .... #
#.###..## #. #...
...### ###.###..#
#K...#
.....[....# #@#
..........###{#
#..........##..#
#..........##.##
..............#
#.....>..<..###.#
#...........# .#
#...........###.
#...........##..


You could see a kobold.

Vanquished Creatures
  An ooze (D:1)
  2 dart slugs (D:1)
  A leopard gecko (D:1)
  8 bats
  4 giant cockroaches
  2 hobgoblins (D:1)
  2 frilled lizards (D:1)
  2 goblins (D:1)
  A kobold (D:1)
  2 rats (D:1)
25 creatures vanquished.

Notes
Turn   | Place    | Note
-------+----------+-------------------------------------------
     0 | D:1      | dolemite99 the Troll Transmuter began the quest for the
                  | Orb.
     0 | D:1      | Reached XP level 1. HP: 18/18 MP: 1/1
   296 | D:1      | Reached XP level 2. HP: 25/26 MP: 2/2
   410 | D:1      | Reached skill level 4 in Unarmed Combat
   512 | D:1      | Reached XP level 3. HP: 32/32 MP: 3/3
   626 | D:2      | Noticed a sky beast
   648 | D:2      | Slain by a sky beast

Illustrated notes

Levels and vault maps discovered:
D:1:      tarquinn_simple_flora_water_e, layout_basic, st_stairs_14,
          feat_on_display
D:2:      layout_rooms, trog_hazing_becter

Skill      XL: |  1  2 |
---------------+-------+-----
Unarmed Combat | 4 |  4.3
Fighting       | |  0.7
Dodging        | |  1.5
Spellcasting   | |  1.2
Transmutations | |  1.3

Action                   || total
-------------------------++-------
Melee: Unarmed           ||    57
       Punch             ||     1
Armor: Robe              ||    22
Dodge: Dodged            ||    33

Table legend: (Time is in decaauts)
 A = Elapsed time spent in this place.
 B = Non-inter-level travel time spent in this place.
 C = Inter-level travel time spent in this place.
 D = Time resting spent in this place.
 E = Time spent auto-exploring this place.
 F = Levels seen in this place.
 G = Mean time per level.
                   A        B        C        D        E       F      G
               +--------+--------+--------+--------+--------+-----+--------+
         Total |    644 |    636 |      8 |    139 |    299 |   2 |  322.0 |
       Dungeon |    644 |    636 |      8 |    139 |    299 |   2 |  322.0 |
               +--------+--------+--------+--------+--------+-----+--------+

Top non-repeatable levels by time:
     D:1: 555 daAuts
     D:2: 88 daAuts
